 Dungeon Crawl Stone Soup version 0.22.0-18-ge075c0d (webtiles) character file.

102 Lauz the Slasher (level 4, -14/61 HPs)
             Began as a Minotaur Berserker on Aug 18, 2018.
             Was a Believer of Trog.
             Demolished by an ogre
             ... wielding a +0 giant club
              (23 damage)
             ... on level 2 of the Dungeon.
             The game lasted 00:04:43 (2403 turns).

Lauz the Slasher (Minotaur Berserker)               Turns: 2403, Time: 00:04:43

Health: -14/61     AC:  3    Str: 28    XL:     4   Next: 49%
Magic:  3/3        EV: 12    Int:  4    God:    Trog [**....]
Gold:   64         SH:  0    Dex:  9    Spells: 3/3 levels left

rFire    . . .     SeeInvis .   a - +0 falchion
rCold    . . .     Gourm    .   (no shield)
rNeg     . . .     Faith    .   b - +0 animal skin
rPois    .         Spirit   .   (helmet restricted)
rElec    .         Reflect  .   n - +0 cloak
rCorr    .         Harm     .   (no gloves)
MR       .....                  (no boots)
Stlth    ..........             (no amulet)
HPRegen  0.20/turn              (no ring)
MPRegen  0.08/turn              (no ring)

@: berserking, very quick
A: retaliatory headbutt, horns 2
a: Berserk, Trog's Hand, Renounce Religion


You were on level 2 of the Dungeon.
You worshipped Trog.
Trog was pleased with you.
You were near starving.

You visited 1 branch of the dungeon, and saw 2 of its levels.

You collected 64 gold pieces.

Inventory:

Hand Weapons
 a - a +0 falchion (weapon)
 i - a cursed -1 whip
Armour
 b - a +0 animal skin (worn)
 m - a +0 plate armour
 n - a +0 cloak (worn)
 s - a +0 large shield
Jewellery
 r - an uncursed ring of stealth {unknown}
Scrolls
 e - a scroll of random uselessness {unknown}
 h - 3 scrolls of identify {unknown}
 l - a scroll of magic mapping {unknown}
 p - 2 scrolls of fear {unknown}
 t - a scroll of teleportation {unknown}
Potions
 d - 2 potions of haste {unknown}
 f - a potion of curing {unknown}
 g - a potion of cancellation {unknown}
 j - a potion of resistance {unknown}
 k - a potion of magic {unknown}
 o - a potion of invisibility {unknown}
 q - a potion of agility {unknown}
Comestibles
 c - 5 rations


   Skills:
 + Level 4.6 Fighting
 * Level 5.6 Long Blades
 - Level 2.4 Armour
 - Level 2.2 Dodging
 + Level 0.3 Stealth


You had 3 spell levels left.
You didn't know any spells.
Your spell library was empty.

Dungeon Overview and Level Annotations

Branches:
Dungeon (2/15)

Altars:


Innate Abilities, Weirdness & Mutations

You reflexively headbutt those who attack you in melee.
You have a pair of horns on your head.


Message History

There is a shaft here.
o - a fizzy blue potion;
t - a scroll labeled AMISITAPPI You are feeling hungry.
Found 26 sling bullets.
An ogre comes into view. It is wielding a giant club.
The ogre shouts!
You closely miss the ogre. The ogre hits you with a giant club!!
Ouch! That really hurt!
* * * LOW HITPOINT WARNING * * *
A red film seems to cover your vision as you go berserk!
You feel yourself moving faster!
You feel mighty!
You are near starving!
You hit the ogre.
The ogre is lightly wounded.
The ogre hits you with a giant club.
* * * LOW HITPOINT WARNING * * *
You hit the ogre. Your headbutt misses the ogre.
The ogre is lightly wounded.
The ogre hits you with a giant club!!
You die...

#..# #.).............)#
#..###...##.###.......#
#.........#...........#
##.##.......####......#
#.##.....#.# #......##
#.###...##.# #.#......
#.# ##..##.# #.####.##
#.# ##..##.####.# #.#
#.# #.@.........# #.#
#. #O####.###### #.# #.
#.# #.# #. #(# #.# #.
#.# #. #. #.# #. #.# #.
#.# ..#


You could see an ogre.

Vanquished Creatures
  5 adders (D:2)
  4 dart slugs
  2 leopard geckos
  A ball python (D:2)
  2 bats (D:1)
  8 goblins
  5 hobgoblins (D:1)
  A quokka (D:2)
  A frilled lizard (D:1)
  12 kobolds
  8 rats
49 creatures vanquished.

Notes
Turn   | Place    | Note
-------+----------+-------------------------------------------
     0 | D:1      | Lauz the Minotaur Berserker began the quest for the Orb.
     0 | D:1      | Reached XP level 1. HP: 19/19 MP: 0/0
   212 | D:1      | Reached skill level 4 in Long Blades
   216 | D:1      | Reached XP level 2. HP: 27/27 MP: 1/1
  1030 | D:1      | Reached XP level 3. HP: 31/33 MP: 2/2
  1738 | D:2      | Reached skill level 5 in Long Blades
  1863 | D:2      | Reached XP level 4. HP: 41/41 MP: 3/3
  1868 | D:2      | Reached ** piety under Trog
  2398 | D:2      | Noticed an ogre
  2403 | D:2      | Demolished by an ogre

Skill      XL: |  1  2  3 |
---------------+----------+-----
Long Blades    | 4 5 |  5.6
Fighting       | 4 |  4.6
Armour         | |  2.4
Dodging        | |  2.2
Stealth        | |  0.3

Action                   |  1- 3 |  4- 6 || total
-------------------------+-------+-------++-------
Melee: Falchion          |    74 |    22 ||    96
       Headbutt          |    15 |     2 ||    17
Invok: Berserk           |       |     1 ||     1
  Eat: Chunk             |     3 |     1 ||     4
Armor: Animal skin       |    12 |     2 ||    14
Dodge: Dodged            |    59 |     8 ||    67
       Rpst.: Falchion   |    11 |     3 ||    14
